 Dungeon Crawl Stone Soup version 0.31-a0-949-g57150269e1 (webtiles) character file.

Game seed: 15112053478650204054

1 avis the Charlatan (level 1, 9/9 HPs)
             Began as a Felid Artificer on Oct 21, 2023.
             Got out of the dungeon alive.
             The game lasted 00:00:52 (233 turns).

avis the Charlatan (Felid Artificer)                 Turns: 233, Time: 00:00:52

Health: 9/9        AC:  1    Str:  8    XL:     1   Next: 16%
Magic:  2/2        EV: 18    Int: 12    God:
Gold:   0          SH:  0    Dex: 16    Spells: 0/0 levels left
                                        Lives:  0   Deaths: 1

rFire   . . .        (weapon unavailable)
rCold   . . .        (shield unavailable)
rNeg    . . .        (body armour unavailable)
rPois   .            (helmet unavailable)
rElec   .            (cloak unavailable)
rCorr   .            (gloves unavailable)
SInv    +            (boots unavailable)
Will    .....        (no amulet)
Stlth   ++           (no ring)
HPRegen 0.21/turn    (no ring)
MPRegen 0.08/turn

%: no passive effects
@: quick
A: very small, claws 1, fangs 3, see invisible, speed 1, shaggy fur 1, stealthy
paws, no weapons or thrown items, no armour, multi-lived
a: no special abilities


You escaped.
You visited 1 branch of the dungeon, and saw 1 of its levels.

Inventory:

Wands
 a - a wand of flame (15) (quivered)
 b - a wand of charming (15)
 c - a wand of iceblast (5)
Potions
 d - a potion of invisibility {unknown}


   Skills:
 * Level 1.2 Fighting
 - Level 3.2 Dodging
 - Level 1.3 Stealth
 - Level 3.2 Evocations


You couldn't memorise any spells.
You didn't know any spells.
Your spell library was empty.

Dungeon Overview and Level Annotations

Branches:
Dungeon (1/15)

Altars:


Innate Abilities, Weirdness & Mutations

You have sharp claws.
You have razor-sharp teeth.
You have supernaturally acute eyesight. (SInv)
You cover ground quickly. (Speed+)
You are covered in fur. (AC +1)
Your paws help you pounce on unaware monsters.
You are incapable of wielding weapons or throwing items.
You cannot wear armour.
You gain extra lives every three experience levels.


Message History

The quokka is heavily wounded.
The quokka closely misses you.
You barely miss the quokka. Your bite misses the quokka.
The quokka is heavily wounded.
The quokka closely misses you.
You barely miss the quokka.
The quokka is heavily wounded.
The quokka barely misses you.
You scratch the quokka but do no damage.
The quokka is heavily wounded.
The quokka closely misses you.
You barely miss the quokka.
The quokka is heavily wounded.
The quokka bites you. The quokka misses you.
You scratch the quokka.
You kill the quokka!
You start resting.
HP restored.
You see here a quokka corpse.
Found a stone staircase leading down.
d - a brown potion You see here a quokka corpse.
A kobold and a goblin come into view.
Found a bubbling purple potion.
The kobold shouts!
You hear a bark! x2
The goblin misses you.
You scratch the goblin.
The goblin is moderately wounded.
The goblin hits you with a +0 club.
You barely miss the goblin. Your bite misses the goblin.
The goblin is moderately wounded.
The goblin hits you with a +0 club.
Ouch! That really hurt!
* * * LOW HITPOINT WARNING * * *
The goblin attacks as it pursues you! The goblin hits you with a +0 club.
You die...
You rejoin the land of the living...
There is an open door here.
There is a staircase leading out of the dungeon here.
You have escaped!

.#....# #... .#.##.#
###...### ##.##.#
#.......#
##.##.####.......####
...##.#.............#
###...#......⌠......+
#...#.............#
#...# #.......####
###...# #......@#
......# ###...###
......# #...# ..#...#
#...#
......#######'######
.....................
....†####.##.########
.#...# #.##.#
.#...####.##.#


There were no monsters in sight!

Vanquished Creatures
  A quokka (D:1)
1 creature vanquished.

Notes
Turn   | Place    | Note
-------+----------+-------------------------------------------
     0 | D:1      | avis the Felid Artificer began the quest for the Orb.
     0 | D:1      | Reached XP level 1. HP: 9/9 MP: 2/2
   198 | D:1      | Slain by a goblin
   233 | D:$      | Got out of the dungeon alive.

Illustrated notes

Levels and vault maps discovered:
D:1:      minmay_arrival_cross, layout_basic, shapermc_ecumenical_altar_gd

Action                     || total
---------------------------++-------
  Melee: Unarmed           ||    15
 Armour: Skin              ||     5
  Dodge: Dodged            ||    14

Table legend: (Time is in decaauts)
 A = Elapsed time spent in this place.
 B = Non-inter-level travel time spent in this place.
 C = Inter-level travel time spent in this place.
 D = Time resting spent in this place.
 E = Time spent auto-exploring this place.
 F = Levels seen in this place.
 G = Mean time per level.
                   A        B        C        D        E       F      G
               +--------+--------+--------+--------+--------+-----+--------+
         Total |    193 |    167 |     26 |     15 |    122 |   1 |  193.0 |
       Dungeon |    193 |    167 |     26 |     15 |    122 |   1 |  193.0 |
               +--------+--------+--------+--------+--------+-----+--------+

Top non-repeatable levels by time:
     D:1: 193 daAuts
